 Dungeon Crawl Stone Soup version 0.23.2-40-g277498a001 (webtiles) character file.

Game seed: 16904534687597153507

153 Aggronaut the Sneak (level 5, -5/24 HPs)
             Began as a Spriggan Enchanter on Oct 2, 2019.
             Was a Follower of Kikubaaqudgha.
             Killed from afar by Sigmund (9 damage)
             ... with a magic dart
             ... on level 3 of the Dungeon.
             The game lasted 00:08:14 (2820 turns).

Aggronaut the Sneak (Spriggan Enchanter)            Turns: 2820, Time: 00:08:15

Health: -5/24      AC:  3    Str:  5    XL:     5   Next: 12%
Magic:  5/10       EV: 18    Int: 16    God:    Kikubaaqudgha [*.....]
Gold:   169        SH:  0    Dex: 17    Spells: 0/9 levels left

rFire    . . .     SeeInvis +   a - +1 dagger
rCold    . . .     Gourm    .   (shield restricted)
rNeg     . . .     Faith    .   b - +0 robe
rPois    .         Spirit   .   (helmet restricted)
rElec    .         Reflect  .   r - +0 cloak
rCorr    .         Harm     .   (gloves unavailable)
MR       +....                  (boots unavailable)
Stlth    +++.......             (no amulet)
HPRegen  0.08/turn              f - ring of protection from magic
MPRegen  0.12/turn              (no ring)

@: very quick
A: very small, unfitting armour, see invisible, herbivore, speed 3, slow
metabolism 2
a: Receive Corpses, Renounce Religion


You were on level 3 of the Dungeon.
You worshipped Kikubaaqudgha.
Kikubaaqudgha was aware of your devotion.
You were very hungry.

You visited 1 branch of the dungeon, and saw 3 of its levels.

You collected 169 gold pieces.

Inventory:

Hand Weapons
 a - a +1 dagger (weapon)
Armour
 b - a +0 robe (worn)
 r - a +0 cloak (worn)
Jewellery
 f - a ring of protection from magic (left hand)
Scrolls
 c - 2 scrolls of teleportation {unknown}
 e - 3 scrolls of remove curse {unknown}
 i - a scroll of blinking {unknown}
 j - 2 scrolls of identify {unknown}
 m - a scroll of enchant weapon {unknown}
Potions
 g - a potion of degeneration {unknown}
 h - a potion of berserk rage {unknown}
 k - a potion of invisibility
 l - a potion of heal wounds {unknown}
 n - a potion of agility {unknown}
 o - 2 potions of curing {unknown}
 p - a potion of might {unknown}
 q - a potion of cancellation {unknown}
Comestibles
 d - 7 rations


   Skills:
 + Level 1.2 Short Blades
 - Level 3.0 Dodging
 + Level 6.3 Stealth
 - Level 2.6 Spellcasting
 * Level 6.1 Hexes


You couldn't memorise any spells.
You knew the following spells:

 Your Spells              Type           Power        Failure   Level  Hunger
a - Corona                Hex            ###....      1%          1    #......
b - Ensorcelled Hibernat  Hex/Ice        ##....       9%          2    ##.....
c - Confuse               Hex            ###.....     4%          3    ###....
d - Vampiric Draining     Necr           #.........   50%         3    ###....

Your spell library contained the following spells:

 Spells                   Type           Power        Failure   Level  Hunger
 Tukima's Dance           Hex            ###.....     4%          3    ###....
 Dazzling Spray           Conj/Hex       ##....       17%         3    ###....
 Pain                     Necr           #...         19%         1    #......
 Corpse Rot               Necr           N/A          28%         2    ##.....
 Sublimation of Blood     Necr           #.........   28%         2    ##.....


Dungeon Overview and Level Annotations

Branches:
Dungeon (3/15)

Altars:
Dithmenos
Kikubaaqudgha
Qazlal
Ru

Annotations:
D:3 Sigmund


Innate Abilities, Weirdness & Mutations

You are very small and have problems with some larger weapons.
You are too small for most types of armour.
You have supernaturally acute eyesight. (SInv)
You are a herbivore.
You cover ground extremely quickly.
You need to consume almost no food.


Message History

The helpless Sigmund fails to defend himself.
You impale Sigmund!!
Sigmund is severely wounded.
Sigmund gestures at you while chanting. The magic dart hits you!
Sigmund points at you and mumbles some strange words.
The magic dart hits you.
Casting: Ensorcelled Hibernation (safe; 9% risk of failure)
Confirm with . or Enter, or press ? or * to list all spells.
Aiming: Confuse (safe; 4% risk of failure)
Press: ? - help, Shift-Dir - straight line, f/p - Sigmund
Aim: Sigmund, wielding a +0 scythe and wearing a +0 robe (severely wounded, chance to defeat MR: 60%) Sigmund resists with significant effort.
Sigmund points at you and mumbles some strange words.
The puff of flame hits you!
* * * LOW HITPOINT WARNING * * *
Sigmund casts a spell at you. The magic dart hits you!
You die...
Kikubaaqudgha rasps: "You have failed me!
Welcome... death!"

#.......# #.##.##.#
#.##.##.#
########.......#
#...(....#####.#####
#....###.# #.##..(
#....# #.# #......
#....###.# #.#....
#..@...@o#####.#.###
######.#.......#.#
#.####.#.##.# #.#
#.#.##.### #.#
#.$$...... #..
........### .#.
#..#.#..### # .
.....#..##.
##.##.......


You could see Sigmund and an orc.

Vanquished Creatures
  Terence (D:3)
  A gnoll (D:1)
  5 adders
  2 oozes
  2 worms (D:2)
  A dart slug (D:1)
  3 leopard geckos
  12 bats
  3 giant cockroaches
  5 goblins
  5 hobgoblins
  2 jackals (D:1)
  2 ball pythons
  2 frilled lizards
  5 kobolds
  4 rats
55 creatures vanquished.

Notes
Turn   | Place    | Note
-------+----------+-------------------------------------------
     0 | D:1      | Aggronaut the Spriggan Enchanter began the quest for the
                  | Orb.
     0 | D:1      | Reached XP level 1. HP: 9/9 MP: 5/5
   393 | D:1      | Reached skill level 5 in Stealth
   393 | D:1      | Reached XP level 2. HP: 13/13 MP: 6/6
   534 | D:1      | Reached XP level 3. HP: 13/16 MP: 8/8
  1418 | D:1      | Learned a level 2 spell: Ensorcelled Hibernation
  1422 | D:1      | Learned a level 3 spell: Confuse
  1425 | D:2      | Reached skill level 5 in Hexes
  1631 | D:2      | Found a shadowy altar of Dithmenos.
  1633 | D:2      | Found an ancient bone altar of Kikubaaqudgha.
  1633 | D:2      | Found a stormy altar of Qazlal.
  1639 | D:2      | Became a worshipper of Kikubaaqudgha
  1688 | D:2      | Reached XP level 4. HP: 21/21 MP: 9/9
  2287 | D:3      | Noticed Terence
  2291 | D:3      | Killed Terence
  2359 | D:3      | Found a sacrificial altar of Ru.
  2379 | D:3      | Reached XP level 5. HP: 22/24 MP: 7/10
  2655 | D:3      | Found a faded altar of an unknown god.
  2678 | D:3      | Reached * piety under Kikubaaqudgha
  2678 | D:3      | Identified Kikubaaqudgha's Reference Book on Sinister
                  | Rituals (Kikubaaqudgha gifted it to you on level 3 of the
                  | Dungeon)
  2678 | D:3      | Received a gift from Kikubaaqudgha
  2686 | D:3      | Learned a level 3 spell: Vampiric Draining
  2794 | D:3      | Noticed Sigmund
  2820 | D:3      | Killed from afar by Sigmund

Skill      XL: |  1  2  3  4 |
---------------+-------------+-----
Hexes          | 4 5 6 |  6.1
Stealth        | 5 6 |  6.3
Short Blades   | |  1.2
Dodging        | |  3.0
Spellcasting   | |  2.6

Action                   |  1- 3 |  4- 6 || total
-------------------------+-------+-------++-------
Melee: Dagger            |   124 |    78 ||   202
 Cast: Corona            |     2 |       ||     2
       Ensorcelled Hiber |     3 |    18 ||    21
       Confuse           |       |     1 ||     1
 Stab: Sleeping          |    19 |    19 ||    38
Armor: Robe              |    27 |     6 ||    33
Dodge: Dodged            |   108 |    63 ||   171
